 Dungeon Crawl Stone Soup version 0.28.0-43-g3370ac3207 (webtiles) character file.

Game seed: 9353211520734927872

1212 zeram the Cudgeller (level 8, -2/49 HPs)
             Began as a Gargoyle Fighter on Mar 1, 2022.
             Was an Initiate of Yredelemnul.
             Killed by divine providence
             ... invoked by an orc priest
              (14 damage)
             ... on level 6 of the Dungeon.
             The game lasted 00:08:25 (6103 turns).

zeram the Cudgeller (Gargoyle Fighter)              Turns: 6103, Time: 00:08:26

Health: -2/49      AC: 15    Str: 22    XL:     8   Next: 46%
Magic:  9/9        EV: 10    Int:  9    God:    Yredelemnul [......]
Gold:   239        SH:  4    Dex:  9    Spells: 7/7 levels left

rFire   . . .      SeeInvis .   a - +2 flail
rCold   . . .      Faith    .   c - +0 buckler
rNeg    + . .      Spirit   .   b - +0 scale mail
rPois   ∞          Reflect  .   (no helmet)
rElec   +          Harm     .   (no cloak)
rCorr   .          Rampage  .   i - +1 pair of gloves
Will    .....                   (no boots)
Stlth   ..........              l - amulet of the acrobat
HPRegen 0.16/turn               (no ring)
MPRegen 0.11/turn               (no ring)

@: attractive
A: sickness immunity, AC +5, negative energy resistance 1, electricity
resistance, torment resistance 1, petrification resistance
a: Renounce Religion, Recall Undead Harvest


You were on level 6 of the Dungeon.
You worshipped Yredelemnul.
Yredelemnul was noncommittal.
You visited 2 branches of the dungeon, and saw 7 of its levels.

You collected 239 gold pieces.

Inventory:

Hand Weapons
 a - a +2 flail (weapon)
Missiles
 k - 2 datura-tipped darts (quivered)
Armour
 b - a +0 scale mail (worn)
 c - a +0 buckler (worn)
 i - a +1 pair of gloves (worn)
Jewellery
 l - an amulet of the acrobat (around neck)
Wands
 d - a wand of iceblast (5)
 f - a wand of acid (2)
 h - a wand of paralysis (5)
Potions
 e - a potion of mutation
 j - a potion of attraction


   Skills:
 + Level 5.2 Fighting
 + Level 6.9 Maces & Flails
 + Level 5.6 Armour
 + Level 2.2 Dodging
 + Level 4.7 Shields
 * Level 1.4 Invocations


You had 7 spell levels left.
You didn't know any spells.
Your spell library contained the following spells:

 Spells                   Type           Power      Damage    Failure   Level
 Animate Skeleton         Necr           0%         N/A       78%         1
 Apportation              Tloc           0%         N/A       78%         1
 Pain                     Necr           0%         1d4       78%         1
 Scorch                   Fire           0%         2d5       89%         2
 Confusing Touch          Hex            0%         N/A       98%         3
 Dazzling Flash           Conj/Hex       0%         N/A       98%         3
 Vampiric Draining        Necr           0%         2d6       98%         3
 Flame Wave               Conj/Fire      0%         2d4       100%        4
 Agony                    Necr           0%         N/A       100%        5
 Alistair's Intoxication  Tmut/Pois      0%         N/A       100%        5
 Silence                  Hex/Air        0%         N/A       100%        5
 Yara's Violent Unravell  Hex/Tmut       0%         3d3       100%        5
 Summon Cactus Giant      Summ           0%         N/A       100%        6
 Enfeeble                 Hex            0%         N/A       100%        7


Dungeon Overview and Level Annotations

Branches:
Dungeon (6/15)             Temple (1/1) D:5

Altars:
Ashenzari
Cheibriados
Dithmenos
Fedhas
Hepliaklqana
Makhleb
Qazlal
Sif Muna
Trog
Uskayaw
Vehumet
Wu Jian
Xom
Yredelemnul


Innate Abilities, Weirdness & Mutations

You are immune to sickness and miasma.
Your stone body is resilient. (AC +5)
You are immune to poison.
You resist negative energy. (rN+)
You are resistant to electric shocks. (rElec)
You are resistant to unholy torment.
You are immune to petrification.


Message History

There are monsters nearby!
An orc priest comes into view. It is wielding a +0 flail.
The orc priest shouts!
The orc priest looks braver for a moment.
The orc priest mumbles some strange prayers to Beogh against you.
Beogh smites you!
You hear an angry hiss.
You thump the orc!
You kill the orc!
The orc priest invokes the aid of Beogh against you.
Beogh smites you!
You see here a +0 club.
You block the orc priest's attack.
You hit the orc priest but do no damage.
A water moccasin comes into view.
The orc priest invokes the aid of Beogh against you.
Beogh smites you!
* * * LOW HITPOINT WARNING * * *
You hear a shout!
You are too injured to fight recklessly!
You are too injured to fight recklessly!
You are too injured to fight recklessly!
Okay, then.
It was a potion of attraction.
You feel attractive to monsters.
You hear a croak.
The orc priest barely misses you.
It was a potion of magic.
Magic courses through your body.
The orc priest looks satisfied for a moment.
You aren't carrying any scrolls.
You closely miss the orc priest. The orc priest closely misses you.
You hit the orc priest.
The orc priest is moderately wounded.
The orc priest closely misses you.
You hit the orc priest.
The orc priest is heavily wounded.
The orc priest invokes the aid of Beogh against you.
Beogh smites you!
You die...
Your body rises from the dead as a mindless zombie.

#.#.## #.<..# ###
#.#####..#.###.##
.........#......#####
#..##....#.........$#
#...#####..####.#
#.....#.....#
.........###)#
.##.....# #@# #
##..... #o# ##.###
#o# #S! ###


You could see a water moccasin and 2 orc priests.

Vanquished Creatures
  A steam dragon (D:3)
  3 ice beasts (D:5)
  2 ogres (D:5)
  A scorpion (D:5)
  A water moccasin zombie (D:5)
  A water moccasin skeleton (D:5)
  5 hounds
  A jelly (D:5)
  An iguana (D:4)
  An orc wizard (D:5)
  4 adders
  A shadow imp (D:4)
  2 worms
  2 dart slugs
  8 orcs
  9 ball pythons
  7 bats
  5 endoplasms
  4 giant cockroaches
  11 goblins
  9 hobgoblins
  6 jackals (D:3)
  4 quokkas
  3 frilled lizards
  6 kobolds
  6 rats
104 creatures vanquished.

Vanquished Creatures (collateral kills)
  A sky beast (D:5)
1 creature vanquished.

Vanquished Creatures (others)
  An ogre zombie (D:5)
  An orc (D:5)
  An orc zombie (D:5)
3 creatures vanquished.

Grand Total: 108 creatures vanquished

Notes
Turn   | Place    | Note
-------+----------+-------------------------------------------
     0 | D:1      | zeram the Gargoyle Fighter began the quest for the Orb.
     0 | D:1      | Reached XP level 1. HP: 14/14 MP: 1/1
   343 | D:1      | Reached XP level 2. HP: 19/19 MP: 2/2
   884 | D:1      | Reached XP level 3. HP: 18/23 MP: 3/3
  1181 | D:1      | Found a faded altar of an unknown god.
  2017 | D:2      | Reached XP level 4. HP: 29/29 MP: 4/4
  2222 | D:2      | Reached skill level 3 in Maces & Flails
  2603 | D:3      | Reached XP level 5. HP: 33/33 MP: 5/5
  2752 | D:3      | Noticed a steam dragon
  2763 | D:3      | Killed a steam dragon
  2764 | D:3      | Reached skill level 4 in Maces & Flails
  2764 | D:3      | Reached skill level 1 in Dodging
  2764 | D:3      | Reached XP level 6. HP: 24/38 MP: 6/6
  4029 | D:5      | Entered Level 5 of the Dungeon
  4077 | D:5      | Reached skill level 5 in Maces & Flails
  4103 | D:5      | Reached XP level 7. HP: 17/44 MP: 7/7
  4429 | D:5      | Found a staircase to the Ecumenical Temple.
  4445 | Temple   | Entered the Ecumenical Temple
  4678 | Temple   | Became a worshipper of Yredelemnul the Dark
  4865 | D:5      | HP: 1/44 [ogre/+0 giant spiked club (26)]
  4876 | D:5      | Reached skill level 6 in Maces & Flails
  4876 | D:5      | Reached skill level 5 in Armour
  4902 | D:5      | Reached * piety under Yredelemnul
  4902 | D:5      | Reached XP level 8. HP: 15/48 MP: 8/8
  5158 | D:5      | Found a broken altar of Ashenzari.
  5482 | D:5      | Reached skill level 5 in Fighting
  5733 | D:5      | Reached ** piety under Yredelemnul
  5876 | D:5      | Reached skill level 1 in Invocations
  5877 | D:5      | Reached *** piety under Yredelemnul
  6103 | D:6      | Killed from afar by an orc priest

Illustrated notes

Levels and vault maps discovered:
D:1:      grunt_arrival_crossed_arrows, layout_loops_corners,
          ebering_ecumenical_altar_box
D:2:      layout_basic
D:3:      layout_rooms
D:4:      layout_loops_cross, grunt_decor_cap
D:5:      layout_loops_ring, mainiacjoe_overflow_paths, minmay_temple_entry_mist
D:6:      layout_loops_ring, mainiacjoe_overflow_six_doors_small, uniq_menkaure
Temple:   nicolae_temple_figure_eight

Skill      XL: |  1  2  3  4  5  6  7  8 |
---------------+-------------------------+-----
Maces & Flails | 3 4 5 6 |  6.9
Armour         | 4 5 |  5.6
Fighting       | 4 5 |  5.2
Dodging        | 1 2 |  2.2
Shields        | 4 |  4.7
Invocations    | 1 |  1.4

Action                   |  1- 3 |  4- 6 |  7- 9 || total
-------------------------+-------+-------+-------++-------
Melee: Flail             |   156 |   188 |    90 ||   434
  Use: Scroll            |       |    11 |     1 ||    12
       Potion            |       |     3 |     4 ||     7
Armor: Scale mail        |    85 |   152 |    54 ||   291
Dodge: Dodged            |    71 |   107 |    40 ||   218
Block: Buckler           |    50 |    41 |    19 ||   110
